 Dungeon Crawl Stone Soup version 0.30.0-5-g1a98f26d00 (webtiles) character file.

Game seed: 4353215850946815668

181 Strat the Sneak (level 5, -2/24 (26) HPs)
             Began as a Vine Stalker Fire Elementalist on May 11, 2023.
             Slain by a wight
             ... wielding a +6 short sword of freezing
              (7 damage)
             ... on level 4 of the Dungeon.
             The game lasted 00:05:06 (2596 turns).

Strat the Sneak (Vine Stalker Fire Elementalist)    Turns: 2596, Time: 00:05:07

HP:   -2/24 (26)    AC:  4    Str: 11    XL:     5   Next: 61%
MP:   0/9           EV: 12    Int: 15    God:
Gold: 178           SH:  0    Dex: 16    Spells: 5/8 levels left

rFire   . . .        a - +2 dagger (elec)
rCold   . . .        (no shield)
rNeg    . . .        d - +0 robe
rPois   .            (no helmet)
rElec   .            (no cloak)
rCorr   .            x - +1 pair of gloves
SInv    .            (no boots)
Will    .....        (no amulet)
Stlth   +++          (no ring)
HPRegen 1.04/turn    (no ring)
MPRegen 0.11/turn

%: guardian spirit
@: about to teleport, drained
A: fangs 2, regeneration 1, magic shield, antimagic bite, no potion heal 2
a: no special abilities


You were on level 4 of the Dungeon.
You visited 1 branch of the dungeon, and saw 4 of its levels.

You collected 250 gold pieces.
You spent 72 gold pieces at shops.

Inventory:

Hand Weapons
 a - a +2 dagger of electrocution (weapon)
 h - a +0 short sword
Missiles
 c - 5 poisoned darts
Armour
 d - a +0 robe (worn)
 x - a +1 pair of gloves (worn)
Jewellery
 e - a ring of poison resistance
 m - a +4 ring of slaying
Scrolls
 g - 2 scrolls of enchant armour
 i - a scroll of identify
Potions
 b - 2 potions of magic
 f - 2 potions of berserk rage
 j - 2 potions of resistance
 k - a potion of brilliance {unknown}
 p - 2 potions of lignification
 q - 4 potions of curing
 r - a potion of haste {unknown}
 u - a potion of heal wounds {unknown}
 v - 3 potions of might {unknown}
 w - a potion of mutation {unknown}


   Skills:
 - Level 2.0 Fighting
 + Level 2.7 Short Blades
 - Level 1.5 Dodging
 - Level 5.0 Stealth
 - Level 2.1 Spellcasting
 - Level 1.0 Conjurations
 - Level 3.0 Fire Magic


You had 5 spell levels left.
You knew the following spells:

 Your Spells              Type           Power      Damage    Failure   Level
a - Foxfire               Conj/Fire      28%        2x1d5     10%         1
b - Scorch                Fire           20%        2d5       10%         2

Your spell library contained the following spells:

 Spells                   Type           Power      Damage    Failure   Level
 Poisonous Vapours        Pois/Air       2%         N/A       32%         2
 Inner Flame              Hex/Fire       6%         N/A       34%         3
 Volatile Blastmotes      Fire/Tloc      12%        2d11      34%         3
 Mephitic Cloud           Conj/Pois/Air  2%         N/A       50%         3
 Flame Wave               Conj/Fire      7%         2d5       67%         4
 Freezing Cloud           Conj/Ice/Air   1%         6-21      99%         5


Dungeon Overview and Level Annotations

Branches:
Dungeon (4/15)
 Temple: D:4-7

Altars:

Shops:
D:4 **


Innate Abilities, Weirdness & Mutations

You have extremely sharp teeth.
Your natural rate of healing is unusually fast.
When hurt, damage is shared between your health and your magic reserves.
Your bite disrupts and absorbs the magic of your enemies.
Potions cannot restore your health.


Message History

You closely miss the wight. The wight barely misses you.
You hit the wight. Lightning courses through the wight!
Your bite misses the wight.
The wight is severely damaged.
The wight barely misses you.
You hit the wight. You bite the wight.
You destroy the wight!
Training target 2.0 for Fighting reached!
Your Fighting skill increases to level 2!
Your Short Blades skill increases to level 2!
The wight hits you with a +0 flail!
You feel drained.
The wight hits you with a +6 short sword of freezing.
* * * LOW HITPOINT WARNING * * *
The wight freezes you.
* * * LOW HITPOINT WARNING * * *
Things that are here:
a +0 flail; a +0 robe The wight attacks as you move away!
The wight hits you with a +0 flail.
* * * LOW HITPOINT WARNING * * *
You hit the wight but do no damage. Lightning courses through the wight!
Your bite misses the wight.
The wight is severely damaged.
The wight hits you with a +0 flail.
* * * LOW HITPOINT WARNING * * *
You hit the wight.
The wight is severely damaged.
You hit the wight. You bite the wight, but do no damage.
The wight is lightly damaged.
The wight hits you with a +0 flail.
* * * LOW HITPOINT WARNING * * *
You feel drained.
* * * LOW HITPOINT WARNING * * *
The wight hits you with a +6 short sword of freezing.
* * * LOW HITPOINT WARNING * * *
The wight freezes you.
* * * LOW HITPOINT WARNING * * *
As you read the scroll of teleportation, it crumbles to dust.
You feel strangely unstable. The wight closely misses you.
The wight hits you with a +6 short sword of freezing!
You die...

...##......#####.#
...............#.## ####
.......##.........###..##
......###.........##....##
#..#.(###.##......)<.#...#
##.##..##.#....#.##.##.###
...##.....##...##......####
..........##..##z.........#
..............)z@.#####.#.#
.###......##..###.#####.#.#
#* #......#.....#.#.....###
* #....§.........#.###.# **
##.............#.#∩#.#
,***#.............#...#.#
,,*,#..†..........#####.#
,.......................#
,.##...............######


You could see 2 wights.

Vanquished Creatures
  A wight (D:4)
  A hound (D:4)
  2 adders
  A worm (D:2)
  2 dart slugs
  An orc (D:3)
  15 ball pythons
  5 bats
  4 endoplasms
  5 giant cockroaches
  5 hobgoblins
  A quokka (D:1)
  8 frilled lizards
  9 goblins
  5 kobolds
  11 rats
76 creatures vanquished.

Vanquished Creatures (others)
  6 foxfires
6 creatures vanquished.

Grand Total: 82 creatures vanquished

Notes
Turn   | Place    | Note
-------+----------+-------------------------------------------
     0 | D:1      | Strat the Vine Stalker Fire Elementalist began the quest
                  | for the Orb.
     0 | D:1      | Reached XP level 1. HP: 9/9 MP: 4/4
    75 | D:1      | Reached skill level 3 in Stealth
    88 | D:1      | Reached XP level 2. HP: 13/13 MP: 6/6
   159 | D:1      | Learned a level 2 spell: Scorch
   337 | D:1      | Reached skill level 4 in Stealth
   411 | D:1      | Found a faded altar of an unknown god.
   520 | D:1      | Reached XP level 3. HP: 16/16 MP: 7/7
   855 | D:2      | Reached skill level 5 in Stealth
  1097 | D:2      | Gained mutation: Your natural rate of healing is unusually
                  | fast. [Vine Stalker growth]
  1097 | D:2      | Reached XP level 4. HP: 21/21 MP: 8/8
  1726 | D:3      | Reached skill level 1 in Fighting
  1726 | D:3      | Reached skill level 1 in Short Blades
  1849 | D:3      | Identified the staff of air "Fillated" {Contam rElec rC++
                  | SInv}
  2290 | D:4      | Found Wimos's General Store.
  2404 | D:4      | Found Avvyunt's General Store.
  2547 | D:4      | Bought a potion of curing for 36 gold pieces
  2547 | D:4      | Bought a scroll of teleportation for 36 gold pieces
  2568 | D:4      | Reached XP level 5. HP: 20/26 MP: 6/9
  2596 | D:4      | Slain by a wight

Illustrated notes

Levels and vault maps discovered:
D:1:      erik_arrival_blinker_ship, layout_loops_cross,
          dreamdust_ecumenical_altar_hidden_monk_grotto,
          chequers_serial_rivers_small_a
D:2:      layout_loops_cross
D:3:      layout_basic, grunt_decor_clamped,
          wander_ebering_terrifying_dragon_lair
D:4:      layout_cave_pools, gammafunk_ghost_cemetery, serial_shops,
          nicolae_shop_back_alley_shop, shop, nicolae_shop_stone,
          nicolae_shop_back_alley_shop, shop

Skill      XL: |  1  2  3  4  5 |
---------------+----------------+-----
Stealth        | 3 4 5 |  5.0
Fighting       | 1 2 |  2.0
Short Blades   | 1 2 |  2.7
Dodging        | |  1.5
Spellcasting   | |  2.1
Conjurations   | |  1.0
Fire Magic     | |  3.0

Action                     |  1- 3 |  4- 6 || total
---------------------------+-------+-------++-------
  Melee: Short sword       |    20 |       ||    20
         Bite              |    10 |    15 ||    25
         Dagger            |    60 |    78 ||   138
   Cast: Foxfire           |     3 |       ||     3
         Scorch            |     1 |       ||     1
    Use: Scroll            |       |    11 ||    11
   Stab: Sleeping          |    13 |     4 ||    17
 Armour: Robe              |    16 |    12 ||    28
  Dodge: Dodged            |    42 |    47 ||    89
